 Dungeon Crawl Stone Soup version 0.18-a0-1443-ge8f1551 (webtiles) character file.

1430 namelastname112 the Martial Artist (level 8, 0/59 HPs)
             Began as a Yellow Draconian Transmuter on Feb 29, 2016.
             Slain by Pikel
             ... wielding a +1 whip of freezing
              (1 damage)
             ... on level 7 of the Dungeon.
             The game lasted 00:11:08 (7235 turns).

namelastname112 the Martial Artist (DrTm)           Turns: 7235, Time: 00:11:08

Health: 0/59       AC:  6    Str: 13    XL:     8   Next: 44%
Magic:  6/11       EV: 12    Int: 14    God:
Gold:   271        SH:  0    Dex: 13    Spells: 3 memorised, 5 levels left

rFire  . . .     SeeInvis .       - Unarmed
rCold  . . .     Gourm    +     (armour unavailable)
rNeg   . . .     Faith    .     (no shield)
rPois  .         Spirit   .     (helmet restricted)
rElec  .         Dismiss  .     (no cloak)
rCorr  +         Reflect  .     (no gloves)
SustAt .         Harm     .     (no boots)
MR     .....                    m - amulet of the gourmand
Stlth  ++........               (no ring)
                                C - ring of wizardry

@: slowed, drained, very slow, not resistant to hostile enchantments, unstealthy
A: spit acid, acid resistance, unfitting armour, cold-blooded, AC +6
a: Spit Acid


You were on level 7 of the Dungeon.
You were very full.

You visited 2 branches of the dungeon, and saw 8 of its levels.

You collected 271 gold pieces.

Inventory:

Missiles
 a - 50 arrows
 A - 3 poisoned arrows
 B - 5 curare-tipped needles
Jewellery
 f - an uncursed ring of fire
 m - an amulet of the gourmand (around neck)
 C - a ring of wizardry (left hand)
Wands
 h - a wand of paralysis (0/24)
Scrolls
 d - 2 scrolls of amnesia {unknown}
 e - 4 scrolls of identify {unknown}
 k - 2 scrolls of immolation {unknown}
 l - a scroll of random uselessness {unknown}
 n - a scroll of enchant weapon {unknown}
 o - 2 scrolls of remove curse {unknown}
 v - a scroll of fog {unknown}
 x - a scroll of recharging {unknown}
 y - a scroll of enchant armour {unknown}
Potions
 i - 3 potions of lignification
 j - 2 potions of flight
 q - a potion of agility
 r - 2 potions of brilliance {unknown}
 t - 3 potions of heal wounds
 u - a potion of haste {unknown}
 w - 2 potions of might
Books
 b - a book of Changes

   Spells                             Type                      Level
   a - Beastly Appendage              Transmutation                1
   b - Sticks to Snakes               Transmutation                2
   c - Spider Form                    Transmutation/Poison         3
   d - Ice Form                       Ice/Transmutation            4
   e - Blade Hands                    Transmutation                5
Comestibles
 c - 7 bread rations
 g - 3 slices of pizza
 p - 2 beef jerkies
 s - a meat ration
 z - 3 fruits


   Skills:
 - Level 1.1(0.8) Fighting
 - Level 1.7(1.5) Dodging
 - Level 2.4(2.2) Stealth
 + Level 8.7(8.4) Unarmed Combat
 - Level 2.0(1.7) Spellcasting
 + Level 6.0(5.7) Transmutations
 - Level 1.0(0.7) Poison Magic
 - Level 0.2(0.0) Evocations


You had 5 spell levels left.
You knew the following spells:

 Your Spells              Type           Power        Failure   Level  Hunger
a - Beastly Appendage     Trmt           ###...       1%          1    ##.....
b - Spider Form           Trmt/Pois      ##........   9%          3    ####...
x - Sticks to Snakes      Trmt           ###.....     1%          2    ###....


Dungeon Overview and Level Annotations

Branches:
Dungeon (7/15)             Temple (1/1) D:6

Altars:
Ashenzari
Cheibriados
Elyvilon
Fedhas
Gozag
Kikubaaqudgha
Makhleb
Pakellas
Qazlal
Ru
Sif Muna
Trog
Vehumet
Xom
Yredelemnul
The Shining One

Annotations:
D:7 Pikel


Innate Abilities, Weirdness & Mutations

You can spit globs of acid.
You are resistant to acid.
Your golden yellow scales are hard (AC +6).
Your body does not fit into most forms of armour.
You are cold-blooded and may be slowed by cold attacks.


Message History

The slave dies!
The slave hits you!
* * * LOW HITPOINT WARNING * * *
Pikel hits you with a whip of freezing.
* * * LOW HITPOINT WARNING * * *
Pikel freezes you.
* * * LOW HITPOINT WARNING * * *
You feel as though you will be slow longer.
Things that are here:
an enchanted hand axe; a robe; 12 gold pieces Pikel looks more healthy.
The slave looks more healthy.
The slave closely misses you. x2
The wight hits you with an enchanted falchion.
* * * LOW HITPOINT WARNING * * *
You feel drained.
* * * LOW HITPOINT WARNING * * *
Pikel hits you with a whip of freezing.
* * * LOW HITPOINT WARNING * * *
Pikel freezes you.
You die...

.... .... ....
... #..
#.##########
#..........#
##...)..p@.<#
#.......Kz.(#
#.#....p.p..#
####.....z.5...#
#...........(..#
..##.#...[.....#
#..#.........#
#.##.........#
...########


You could see Pikel, 3 slaves, 2 wights and a shadow imp.

Vanquished Creatures
  The ghost of Uberwunderbarhen the Insei, an amateur OpTm (D:4)
  A water moccasin (D:6)
  A phantom (D:4)
  2 ogres
  A centaur (D:7)
  2 giant frogs (D:6)
  A scorpion (D:6)
  A howler monkey (D:5)
  A wight (D:7)
  A crimson imp (D:6)
  A hound (D:4)
  A jelly (D:6)
  4 orc wizards
  3 orc priests
  4 worker ants
  A worker ant zombie (D:6)
  8 adders
  3 gnolls (D:3)
  2 oozes
  4 worms
  4 dart slugs
  4 giant geckos
  16 orcs
  A giant cockroach (D:4)
  7 goblins (D:1)
  6 hobgoblins
  10 jackals
  6 kobolds
  2 quokkas
  2 ball pythons
  8 bats
  5 giant newts
  9 rats
123 creatures vanquished.

Vanquished Creatures (collateral kills)
  A slave (D:7)
1 creature vanquished.

Grand Total: 124 creatures vanquished

Notes
Turn   | Place    | Note
--------------------------------------------------------------
     0 | D:1      | namelastname112 the Draconian Transmuter began the quest for the Orb.
     0 | D:1      | Reached XP level 1. HP: 16/16 MP: 3/3
   140 | D:1      | Reached XP level 2. HP: 17/23 MP: 5/5
   464 | D:1      | Reached skill level 4 in Unarmed Combat
   587 | D:1      | Reached XP level 3. HP: 19/28 MP: 6/6
   711 | D:2      | Found a snail-covered altar of Cheibriados.
  1180 | D:2      | You fall through a shaft!
  1223 | D:3      | Noticed an ogre
  1366 | D:2      | Reached XP level 4. HP: 35/35 MP: 7/7
  1944 | D:3      | Learned a level 3 spell: Spider Form
  2052 | D:3      | Killed an ogre
  2052 | D:3      | Reached skill level 1 in Stealth
  2052 | D:3      | Reached skill level 5 in Unarmed Combat
  2052 | D:3      | Reached XP level 5. HP: 19/40 MP: 4/8
  2219 | D:3      | Karasique: часик в радость, чифир в сладость
  2246 | D:3      | namelastname112: и ник поменял
  2246 | D:3      | namelastname112: лел
  2601 | D:3      | Karasique: я в треде написал почему
  2604 | D:3      | Learned a level 2 spell: Sticks to Snakes
  2604 | D:3      | namelastname112: я там не был сегодня
  2881 | D:4      | Reached skill level 6 in Unarmed Combat
  3064 | D:4      | Noticed Uberwunderbarhen's ghost (amateur OpTm)
  3065 | D:4      | Karasique: ну там на другом серве есть чей-то карасик, я думал может это чей-то старый акк и он меня решит потом затралить испортив стату
  3065 | D:4      | Karasique: от сосачеров же можно чего угодно ожидать, как понимаешь
  3065 | D:4      | namelastname112: а
  3090 | D:4      | Killed Uberwunderbarhen's ghost
  3090 | D:4      | Reached XP level 6. HP: 31/47 MP: 9/9
  3212 | D:4      | Reached skill level 1 in Poison Magic
  3332 | D:4      | Found a glowing golden altar of the Shining One.
  3407 | D:4      | Found a shimmering altar of Xom.
  3867 | D:4      | Reached skill level 7 in Unarmed Combat
  3867 | D:4      | Your scales start taking on a golden yellow colour.
  3867 | D:4      | Reached XP level 7. HP: 23/52 MP: 10/10
  4033 | D:4      | ololoev: о, карасик тут
  4033 | D:4      | namelastname112: ммм
  4033 | D:4      | namelastname112: желтый
  4034 | D:4      | Found a deep blue altar of Sif Muna.
  4034 | D:4      | Found an ancient bone altar of Kikubaaqudgha.
  4187 | D:4      | Karasique: он же ац режет, норм?
  4212 | D:4      | Found a stormy altar of Qazlal.
  4216 | D:4      | namelastname112: вполне себе
  4349 | D:4      | ololoev: да, особенно хорош с родом айрона
  4356 | D:4      | ololoev: я как-то так играл
  4415 | D:5      | Entered Level 5 of the Dungeon
  4686 | D:5      | ololoev: если попал плевком в оофа то он потом рвется быстро
  5872 | D:6      | Found a blossoming altar of Fedhas.
  5917 | D:6      | Found a radiant altar of Vehumet.
  5917 | D:6      | Found a sacrificial altar of Ru.
  5935 | D:6      | Found an opulent altar of Gozag.
  6144 | D:6      | Reached skill level 8 in Unarmed Combat
  6144 | D:6      | Reached skill level 5 in Transmutations
  6144 | D:6      | Reached XP level 8. HP: 15/59 MP: 11/11
  6882 | D:6      | Found a staircase to the Ecumenical Temple.
  6888 | Temple   | Entered the Ecumenical Temple
  7204 | D:7      | Noticed Pikel
  7235 | D:7      | HP: 1/59 [Pikel/whip of freezing (5)]
  7235 | D:7      | Slain by Pikel

Vault maps used:
D:1:      dpeg_arrival_three_bigger_balls
D:2:      lemuel_crystal_altar, first_bread
D:3:      wad_crossroads, minmay_misc_feat_ornament
D:4:      lemuel_doored_altar, nicolae_overflow_crystal_walls,
          nicolae_overflow_hidden_temple, kennysheep_generic_room_5
D:5:      kennysheep_generic_room_3
D:6:      fedhas_altar_3, gammafunk_temple_overflow_claw,
          minmay_temple_entry_enclosed_plants
D:7:      lemuel_crystal_altar, grunt_ogre_cave, uniq_pikel
Temple:   hc_temple_tempest_star_small

Skill      XL: |  1  2  3  4  5  6  7  8 |
---------------+-------------------------+-----
Unarmed Combat | 4 5 6 7 8 |  8.7
Stealth        | 1 2 |  2.4
Poison Magic   | 1 |  1.0
Transmutations | 3 5 6 |  6.0
Fighting       | |  1.1
Dodging        | |  1.7
Spellcasting   | |  2.0
Evocations     | |  0.2

Action                   |  1- 3 |  4- 6 |  7- 9 || total
-------------------------+-------+-------+-------++-------
Melee: Unarmed           |   123 |   165 |   163 ||   451
 Cast: Spider Form       |       |     7 |     3 ||    10
       Beastly Appendage |       |     2 |       ||     2
       Sticks to Snakes  |       |       |     4 ||     4
 Abil: Spit Acid         |       |       |    11 ||    11
Evoke: Wand              |       |     2 |       ||     2
  Use: Potion            |     3 |       |     4 ||     7
 Stab: Sleeping          |     2 |     5 |     1 ||     8
       Distracted        |       |       |     1 ||     1
  Eat: Chunk             |     1 |    18 |    12 ||    31
